Map: Void Training Stage 3

Players

axu - Winner!

  • Race: Protoss Protoss
  • League: Platinum
  • Spawn Location: 6:00

Player 2

  • Race: Protoss Protoss
  • Spawn Location: 12:00

VOD

Have the link to the VOD?

Description

Time

  • Played on: Dec. 24, 2017, 12:03 p.m.
  • Length: 14:53
Show
View Real Time Build Order
Export as new Build Order

axu Protoss - Winner!

Build Orders:  

Get SALT Encoding   

  12  0:01  Probe  
  13  0:13  Probe (Chrono Boost)  
  14  0:22  Pylon  
  14  0:26  Probe (Chrono Boost)  
  15  0:40  Probe  
  15  0:41  Gateway  
  16  0:45  Assimilator  
  16  0:52  Probe  
  17  1:04  Probe (Chrono Boost)  
  18  1:15  Probe (Chrono Boost)  
  19  1:20  Assimilator, Probe (Chrono Boost)  
  20  1:30  Probe  
  21  1:33  Cybernetics Core  
  21  1:35  Pylon  
  21  1:38  Zealot  
  23  1:53  Probe  
  24  2:05  Zealot (Chrono Boost), Probe  
  27  2:10  Warp Gate  
  27  2:14  Pylon  
  27  2:17  Probe  
  28  2:29  Nexus  
  28  2:43  Robotics Facility  
  29  2:51  Probe  
  29  3:03  Probe  
  30  3:10  Assimilator  
  30  3:15  Assimilator, Probe  
  30  3:18  Pylon  
  31  3:24  Stalker  
  33  3:27  Probe  
  34  3:34  Gateway  
  34  3:39  Probe  
  35  3:42  Probe  
  36  3:51  Probe  
  36  3:55  Probe  
  38  4:04  Probe  
  38  4:06  Immortal  
  38  4:07  Probe  
  44  4:16  Pylon  
  44  4:21  Probe x2  
  46  4:24  Gateway  
  44  4:41  Forge  
  44  4:43  Twilight Council  
  44  4:45  Probe x2  
  46  4:47  Stalker  
  46  4:52  Immortal  
  52  4:55  Adept  
  54  5:02  Pylon  
  54  5:06  Probe x2 (Chrono Boost)  
  56  5:18  Charge (Chrono Boost), Probe x2 (Chrono Boost)  
  56  5:19  Protoss Ground Weapons Level 1 (Chrono Boost)  
  58  5:26  Probe (Chrono Boost)  
  59  5:45  Stalker x3  
  59  5:46  Immortal (Chrono Boost)  
  65  6:07  Pylon  
  65  6:12  Pylon  
  65  6:13  Pylon  
  65  6:15  Pylon  
  65  6:19  Shield Battery  
  65  6:22  Stalker x2, Shield Battery  
  65  6:23  Stalker  
  71  6:27  Shield Battery  
  71  6:35  Forge  
  71  6:36  Pylon  
  71  6:39  Pylon  
  71  6:46  Probe x2  
  73  6:56  Stalker x2, Protoss Ground Armor Level 1 (Chrono Boost)  
  73  6:58  Zealot  
  73  7:00  Blink (Chrono Boost), Nexus  
  79  7:04  Probe  
  79  7:06  Probe  
  81  7:17  Immortal  
  81  7:27  Stalker x3  
  91  7:32  Templar Archives  
  91  7:47  Pylon  
  91  7:50  Pylon  
  91  7:53  Probe x2  
  91  7:55  Assimilator  
  93  8:02  Assimilator  
  93  8:20  Shield Battery  
  93  8:22  Shield Battery  
  93  8:25  Zealot x2, Shield Battery  
  93  8:26  Zealot  
  99  8:32  Gateway  
  99  8:35  Gateway x2  
  99  8:38  Gateway  
  99  8:44  Immortal  
  103  8:50  Probe x3  
  103  8:51  Protoss Ground Weapons Level 2 (Chrono Boost)  
  106  8:56  Psionic Storm  
  106  8:58  Protoss Ground Armor Level 2 (Chrono Boost)  
  106  9:02  Probe x3  
  109  9:12  Resonating Glaives  
  109  9:26  High Templar x2  
  109  9:27  High Templar  
  109  9:28  High Templar  
  109  9:29  High Templar x2  
  121  9:31  High Templar  
  121  9:33  Archon x3  
  121  9:37  Immortal (Chrono Boost)  
  127  9:40  Probe x3  
  130  9:52  Probe  
  131  10:08  Warp Prism (Chrono Boost)  
  131  10:25  Probe  
  132  10:43  Nexus  
  132  10:46  Pylon  
  132  10:48  Pylon  
  132  10:51  Pylon  
  132  10:53  Assimilator  
  132  10:58  Assimilator  
  132  11:25  Zealot  
  132  11:26  Zealot x5  
  132  11:27  Zealot  
  144  12:05  Stargate  
  144  12:06  Stargate  
  144  12:08  Stargate  
  144  12:11  Stargate  
  144  12:23  Protoss Ground Weapons Level 3 (Chrono Boost), Protoss Ground Armor Level 3 (Chrono Boost)  
  144  12:32  Forge  
  144  12:38  Dark Shrine  
  144  12:39  Robotics Bay  
  142  12:51  High Templar x4  
  144  12:52  High Templar x3  
  144  12:55  Archon x2  
  144  12:56  Archon  
  154  13:38  Gateway  
  154  13:39  Gateway  
  154  13:41  Gateway  
  154  13:43  Gateway  
  154  13:45  Gateway  
  154  13:55  Shield Battery  
  154  13:57  Shield Battery  
  154  14:00  Shield Battery  
  154  14:02  Shield Battery, Probe x3  
  157  14:04  Photon Cannon  
  157  14:06  Photon Cannon  
  157  14:08  Photon Cannon  
  157  14:12  Photon Cannon  
  157  14:14  Photon Cannon  
  157  14:15  Photon Cannon  
Show
View Real Time Build Order
Export as new Build Order

Player 2 Protoss 

Build Orders:  

Get SALT Encoding   

  12  0:00  Probe  
  13  0:13  Probe  
  14  0:22  Pylon  
  14  0:25  Probe  
  15  0:40  Probe  
  16  0:49  Assimilator  
  16  0:51  Gateway  
  16  0:52  Probe  
  17  1:02  Pylon  
  18  1:04  Probe  
  18  1:31  Gateway  
  18  1:35  Assimilator  
  18  1:42  Cybernetics Core  
  18  1:50  Zealot  
  20  2:07  Pylon  
  20  2:17  Zealot  
  20  2:19  Warp Gate  
  22  2:26  Adept  
  24  2:44  Adept  
  26  2:51  Probe  
  27  2:53  Adept  
  29  2:59  Pylon  
  29  3:03  Probe  
  30  3:11  Adept  
  32  3:15  Probe  
  33  3:20  Adept  
  33  3:23  Forge  
  35  3:27  Probe  
  36  3:38  Stalker  
  36  3:39  Probe  
  39  3:51  Probe  
  40  5:13  Stalker, Probe  
  43  5:15  Photon Cannon  
  43  5:18  Photon Cannon  
  43  5:20  Pylon  
  43  5:22  Robotics Facility  
  43  5:24  Stargate  
  43  5:27  Sentry, Twilight Council  
  45  5:29  Gateway  
  45  5:38  Probe, Forge  
  45  5:40  Stalker  
  48  5:44  Pylon  
  48  5:54  Stalker  
  38  6:08  Sentry  
  38  6:10  Observer  
  37  6:21  Sentry  
  39  6:32  Observer  
  40  6:35  Stalker  
  40  6:37  Nexus  
  42  6:48  Zealot  
  44  7:02  Adept  
  46  7:15  Zealot  
  48  7:29  Adept  
  50  7:50  Probe  
  51  7:52  Probe  
  52  7:58  Assimilator  
  52  8:01  Pylon x2  
  52  8:02  Probe  
  52  8:05  Probe  
  54  8:14  Probe  
  54  8:17  Probe  
  56  8:21  Photon Cannon  
  56  8:24  Photon Cannon  
  56  8:26  Probe  
  57  8:29  Probe  
  58  8:38  Probe  
  58  8:41  Probe  
  60  8:50  Probe  
  60  8:53  Probe  
  62  9:02  Probe  
  63  9:05  Probe  
  64  9:10  Assimilator  
  64  9:14  Probe  
  65  9:17  Probe  
  66  9:26  Probe  
  67  9:33  Probe  
  68  9:38  Probe  
  69  9:45  Warp Prism  
  69  9:46  Void Ray  
  69  9:50  Robotics Facility  
  75  9:54  Stargate  
  75  9:57  Pylon  
  75  10:05  Protoss Air Weapons Level 1  
  75  10:09  Fleet Beacon  
  57  10:21  Warp Prism  
  55  10:28  Robotics Bay  
  55  10:29  Void Ray  
  59  10:37  Observer  
  60  10:43  Void Ray  
  64  10:51  Stargate  
  64  11:12  Phoenix  
  64  11:15  Observer Gravitic Boosters  
  64  11:17  Zealot  
  68  11:24  Zealot  
  69  11:29  Templar Archives  
  69  11:31  Stalker  
  71  11:39  Zealot  
  64  11:46  Zealot, Nexus  
  49  11:48  Warp Prism  
  49  11:53  Void Ray  
  33  12:01  Immortal  
  29  12:07  Zealot  
  31  12:12  Gravitic Drive  
  31  12:15  Stalker  
  31  12:22  Zealot  
  25  12:38  Probe, Warp Prism  
  24  12:50  Probe  
  24  12:51  Stalker  
  21  13:02  Probe  
  22  13:05  Probe  
  23  13:16  Stalker  
  23  13:19  Probe  
  21  13:22  Pylon  
  21  13:24  Zealot, Probe  
  11  14:06  Probe  
Tags
 
Add a new tag
Caveats
  • Supply blocks, unpowered buildings, or Contaminate may cause inaccurate times.
  • Supply counts are checked every 10 seconds.